 Dungeon Crawl Stone Soup version 0.26-a0-1060-g086102a3f0 (webtiles) character file.

Game seed: 2970542252549485367

103 timneilson the Covered (level 4, 0/29 HPs)
             Began as a Gargoyle Fighter on Dec 13, 2020.
             Slain by a gnoll
             ... wielding a +1 whip of distortion
              (3 damage)
             ... on level 3 of the Dungeon.
             The game lasted 00:03:45 (1634 turns).

timneilson the Covered (Gargoyle Fighter)           Turns: 1634, Time: 00:03:46

Health: 0/29       AC: 13    Str: 20    XL:     4   Next: 79%
Magic:  4/4        EV:  4    Int:  9    God:
Gold:   140        SH:  0    Dex:  9    Spells: 3/3 levels left

rFire    . . .     SeeInvis .   a - +1 long sword
rCold    . . .     Faith    .   c - +0 kite shield
rNeg     + + .     Spirit   .   b - +0 scale mail
rPois    ∞         Reflect  .   (no helmet)
rElec    +         Harm     .   (no cloak)
rCorr    .         Rampage  .   m - +2 pair of gloves {archery}
Will     .....                  (no boots)
Stlth    ..........             (no amulet)
HPRegen  0.09/turn              k - ring of positive energy
MPRegen  0.09/turn              (no ring)

@: held
A: negative energy resistance 1, electricity resistance, unbreathing,
petrification resistance, rot immunity, AC +3
a: no special abilities


You were on level 3 of the Dungeon.
You visited 1 branch of the dungeon, and saw 3 of its levels.

You collected 140 gold pieces.

Inventory:

Hand Weapons
 a - a +1 long sword (weapon)
Armour
 b - a +0 scale mail (worn)
 c - a +0 kite shield (worn)
 m - a +2 pair of gloves of archery (worn)
 q - a +0 chain mail
Jewellery
 k - a ring of positive energy (left hand)
Scrolls
 l - a scroll of teleportation
 o - a scroll of remove curse
Potions
 d - a potion of might
 e - a potion of heal wounds {unknown}
 f - a potion of brilliance
 g - a potion of mutation {unknown}
 i - a potion of flight {unknown}
 j - a potion of haste {unknown}


   Skills:
 + Level 3.7 Fighting
 * Level 2.6 Long Blades
 * Level 4.2 Armour
 * Level 4.2 Shields


You had 3 spell levels left.
You didn't know any spells.
Your spell library was empty.

Dungeon Overview and Level Annotations

Branches:
Dungeon (3/15)

Altars:
Elyvilon
Zin


Innate Abilities, Weirdness & Mutations

You are resistant to torment.
Your stone body is resilient. (AC +3)
You are immune to poison.
You resist negative energy. (rN+)
You are resistant to electric shocks. (rElec)
You can survive without breathing.
You are immune to petrification.
You are immune to rotting.


Message History

The gnoll hits you from afar with a +0 halberd!
* * * LOW HITPOINT WARNING * * *
You struggle against the net.
You struggle against the net.
The gnoll hits you but does no damage.
You shred the net and break free!
The gnoll hits you from afar with a +0 halberd.
* * * LOW HITPOINT WARNING * * *
The gnoll hits you but does no damage.
You see here an adder corpse.
You slash the gnoll!
The gnoll is severely wounded.
The gnoll hits you but does no damage.
You hit the gnoll.
You kill the gnoll!
The gnoll throws a throwing net.
The throwing net hits you.
You become entangled in the net!
You struggle against the net.
You struggle against the net.
The gnoll hits you but does no damage. Space bends around you.
You die...

#.##§≈..≈≈##
#..##≈§.§##
#...##§'#####.#...
#.......<......#
##......###.#.##
#...........#
##..)..##...#
##.#..# ...##
#@#..# ....##
##g#..##....(#
#####.....#....#.
#.............#
#...###.###g#..#
#.#. #.# #?g...# #
# #+# #$#.###
....g. #.# ##g


You could see a gnoll.

Vanquished Creatures
  3 gnolls (D:3)
  3 adders
  An ooze (D:3)
  A worm (D:2)
  2 dart slugs
  3 leopard geckos
  4 bats
  A giant cockroach (D:1)
  5 goblins
  4 hobgoblins
  3 jackals (D:1)
  4 kobolds
  A frilled lizard (D:1)
  A rat (D:2)
36 creatures vanquished.

Notes
Turn   | Place    | Note
-------+----------+-------------------------------------------
     0 | D:1      | timneilson the Gargoyle Fighter began the quest for the
                  | Orb.
     0 | D:1      | Reached XP level 1. HP: 14/14 MP: 1/1
   130 | D:1      | Reached XP level 2. HP: 19/19 MP: 2/2
   483 | D:1      | Reached XP level 3. HP: 21/23 MP: 3/3
   839 | D:2      | Found a glowing silver altar of Zin.
   839 | D:2      | Found a white marble altar of Elyvilon.
  1486 | D:2      | Reached XP level 4. HP: 28/29 MP: 4/4
  1634 | D:3      | Slain by a gnoll

Illustrated notes

Levels and vault maps discovered:
D:1:      evilmike_arrival_crescent, layout_loops_ring,
          chequers_serial_rivers_small_3
D:2:      layout_basic, gammafunk_temple_overflow_pools,
          kennysheep_generic_room_10
D:3:      layout_loops_ring, lemuel_doored_altar, kennysheep_generic_room_3,
          uniq_natasha

Skill      XL: |  1  2  3  4 |
---------------+-------------+-----
Long Blades    | 2 |  2.6
Armour         | 4 |  4.2
Shields        | 4 |  4.2
Fighting       | |  3.7

Action                   |  1- 3 |  4- 6 || total
-------------------------+-------+-------++-------
Melee: Long sword        |    98 |    31 ||   129
  Use: Scroll            |     5 |     3 ||     8
       Potion            |       |     2 ||     2
Armor: Scale mail        |    64 |    35 ||    99
Dodge: Dodged            |    30 |    13 ||    43
Block: Kite shield       |    57 |    26 ||    83
       Rpst.: Long sword |     9 |     3 ||    12

Table legend: (Time is in decaauts)
 A = Elapsed time spent in this place.
 B = Non-inter-level travel time spent in this place.
 C = Inter-level travel time spent in this place.
 D = Time resting spent in this place.
 E = Time spent auto-exploring this place.
 F = Levels seen in this place.
 G = Mean time per level.
                   A        B        C        D        E       F      G
               +--------+--------+--------+--------+--------+-----+--------+
         Total |   1682 |   1642 |     40 |      0 |   1265 |   3 |  560.7 |
       Dungeon |   1682 |   1642 |     40 |      0 |   1265 |   3 |  560.7 |
               +--------+--------+--------+--------+--------+-----+--------+

Top non-repeatable levels by time:
     D:1: 826 daAuts
     D:2: 774 daAuts
     D:3: 81 daAuts
